Map: Sanctuary III LE

Players

RipNHammer

  • Race: Terran Terran
  • League: Master
  • Spawn Location: 7:00

nerfedFoxeR - Winner!

  • Race: Zerg Zerg
  • League: Grandmaster
  • Spawn Location: 1:00

VOD

Have the link to the VOD?

Description

Time

  • Played on: Sept. 6, 2026, 2:58 p.m.
  • Length: 20:57
Show
View Real Time Build Order
Export as new Build Order

RipNHammer Terran 

Build Orders: Reaper Expand, Mech 

Get SALT Encoding   

  8  0:00  SCV  
  9  0:12  SCV  
  10  0:24  SCV  
  11  0:36  SCV  
  11  0:39  Supply Depot  
  12  0:48  SCV  
  13  0:55  Refinery  
  13  1:01  SCV  
  14  1:07  Barracks  
  14  1:13  SCV  
  15  1:25  SCV  
  16  1:37  SCV  
  17  1:53  Orbital Command  
  17  1:54  Reaper  
  18  2:08  Command Center  
  18  2:20  SCV  
  19  2:26  Factory  
  19  2:32  SCV  
  19  2:33  Barracks Reactor  
  20  2:38  Refinery  
  20  2:44  Supply Depot  
  20  2:49  SCV  
  21  3:06  SCV  
  22  3:16  Starport  
  22  3:18  SCV  
  23  3:23  Hellion x2  
  27  3:27  Orbital Command  
  27  3:30  SCV  
  28  3:39  Barracks Tech Lab  
  28  3:43  SCV  
  28  3:46  Hellion  
  31  3:50  Hellion  
  33  4:01  SCV x2, Supply Depot  
  35  4:08  Viking  
  37  4:13  SCV  
  38  4:19  SCV  
  39  4:24  Hellion  
  39  4:25  Hellion, SCV  
  39  4:29  Supply Depot  
  44  4:36  SCV  
  45  4:40  SCV  
  46  4:54  SCV  
  46  4:56  Supply Depot  
  47  5:02  Banshee, Cloaking Field  
  47  5:03  SCV  
  51  5:12  Command Center  
  51  5:15  Supply Depot  
  51  5:16  Hellion x2  
  51  5:18  SCV x2  
  57  5:22  Supply Depot  
  57  5:30  SCV  
  58  5:36  SCV  
  58  5:40  Hellion x2  
  58  5:42  SCV  
  62  5:47  Banshee  
  62  5:48  SCV  
  62  5:54  SCV  
  63  6:00  SCV  
  63  6:03  Hellion x2  
  61  6:06  SCV  
  62  6:13  SCV, Factory  
  62  6:15  Factory x2, Refinery  
  62  6:16  Refinery  
  63  6:18  SCV  
  63  6:25  SCV  
  65  6:29  Hellion  
  65  6:30  Hellion, SCV  
  70  6:37  SCV  
  71  6:43  SCV  
  72  6:49  SCV  
  72  6:50  Engineering Bay  
  72  6:52  Supply Depot  
  73  6:55  SCV  
  73  7:01  SCV, Factory Tech Lab  
  73  7:02  Factory Tech Lab  
  73  7:04  Factory  
  73  7:09  Hellion x2  
  73  7:10  SCV  
  73  7:12  Orbital Command  
  73  7:13  SCV  
  79  7:22  SCV  
  74  7:31  Cyclone, Siege Tank x2  
  83  7:40  Hellion x2  
  83  7:41  SCV x2  
  89  7:48  SCV  
  90  7:53  SCV  
  88  8:10  Supply Depot  
  88  8:11  Supply Depot  
  86  8:13  Supply Depot x2  
  86  8:14  Siege Tank  
  80  8:28  Siege Tank, Hellion  
  80  8:29  Hellion  
  72  8:39  SCV  
  72  8:41  Siege Tank  
  72  8:44  Armory  
  75  8:51  SCV, Orbital Command  
  75  8:52  Orbital Command  
  76  9:02  Cyclone, Siege Tank  
  83  9:03  Hellion x2  
  85  9:10  SCV  
  86  9:20  Cyclone  
  86  9:22  SCV  
  90  9:26  SCV x2  
  90  9:30  Infernal Pre-Igniter  
  92  9:34  Siege Tank  
  95  9:42  SCV x2  
  95  9:44  Cyclone  
  95  9:45  Supply Depot x2  
  100  9:49  Mag-Field Accelerator  
  100  9:52  SCV, Siege Tank  
  104  9:54  SCV x2  
  104  9:56  Supply Depot, Engineering Bay  
  104  10:10  Cyclone  
  104  10:11  Hellion x2  
  111  10:16  Siege Tank  
  114  10:21  Refinery  
  114  10:22  Refinery  
  114  10:27  Cyclone  
  117  10:32  Hellion  
  113  10:42  Siege Tank  
  108  10:52  Cyclone, Hellion  
  108  10:55  SCV x2  
  108  10:56  Missile Turret  
  109  10:58  Missile Turret  
  109  10:59  Siege Tank  
  109  11:02  Missile Turret  
  97  11:12  SCV x2  
  97  11:17  Missile Turret  
  93  11:21  Cyclone  
  93  11:22  Widow Mine x2  
  93  11:23  Factory Tech Lab  
  100  11:35  Missile Turret  
  100  11:36  Cyclone x2  
  106  11:46  Supply Depot  
  106  11:47  Supply Depot  
  106  11:48  Command Center  
  106  11:52  Missile Turret, Cyclone, Widow Mine  
  111  11:56  Missile Turret  
  111  11:58  SCV  
  111  11:59  Missile Turret  
  111  12:00  SCV  
  105  12:23  Cyclone  
  105  12:24  Siege Tank, Hellion, SCV  
  114  12:33  Hellion, Cyclone, SCV  
  114  12:36  Armory  
  120  12:43  Siege Tank  
  124  12:44  SCV x2  
  124  12:46  SCV  
  126  12:55  Missile Turret  
  126  12:56  SCV x2  
  126  12:57  Cyclone  
  126  12:58  SCV  
  132  13:01  Siege Tank  
  135  13:08  Supply Depot, SCV x2  
  135  13:10  SCV  
  138  13:18  Cyclone, Siege Tank  
  138  13:19  Hellion  
  146  13:20  Starport Reactor  
  146  13:28  Missile Turret  
  146  13:29  Cyclone  
  149  13:36  Missile Turret  
  149  13:39  SCV x2  
  151  13:41  Command Center  
  151  13:47  Cyclone  
  154  13:53  Refinery  
  154  13:55  Refinery  
  152  14:02  Cyclone, Siege Tank, Hellion  
  152  14:04  Liberator  
  155  14:11  Planetary Fortress  
  155  14:15  Hellion  
  157  14:17  Terran Vehicle Weapons Level 1  
  154  14:27  Cyclone  
  154  14:28  Siege Tank  
  146  14:52  Cyclone, Siege Tank, Hellion  
  157  15:07  Cyclone, Siege Tank, Hellion  
  151  15:24  Cyclone x2  
  151  15:25  Widow Mine  
  142  15:28  Missile Turret  
  142  15:29  Hellion, Missile Turret  
  142  15:30  Missile Turret  
  142  15:32  Missile Turret  
  118  15:39  Widow Mine  
  118  15:40  Widow Mine  
  118  15:42  Missile Turret, Drilling Claws, Smart Servos  
  122  15:45  Factory  
  122  15:46  Terran Vehicle And Ship Armor Level 1, Hellion  
  109  16:12  Cyclone x2, Siege Tank, Widow Mine  
  109  16:13  Hellion  
  122  16:21  Terran Vehicle Weapons Level 2  
  122  16:26  Thor  
  122  16:27  SCV  
  122  16:30  SCV  
  126  16:33  Widow Mine  
  126  16:34  Hellion  
  130  16:42  SCV  
  130  16:43  SCV  
  130  16:46  Missile Turret  
  132  16:48  Cyclone, Siege Tank  
  132  16:49  Hellion, Missile Turret  
  132  16:51  Hellion  
  140  16:58  SCV x2, Cyclone  
  140  16:59  Hellion  
  147  17:03  Widow Mine  
  147  17:08  Refinery  
  149  17:09  Siege Tank  
  149  17:11  Missile Turret  
  149  17:13  Refinery  
  146  17:24  Cyclone  
  146  17:25  Siege Tank, Missile Turret  
  152  17:33  SCV  
  152  17:36  Missile Turret  
  152  17:37  Missile Turret, Planetary Fortress  
  153  17:38  SCV x3  
  156  17:45  SCV  
  156  17:48  Missile Turret  
  156  17:50  Cyclone, Siege Tank  
  156  17:51  Hellion  
  163  18:11  Cyclone  
  163  18:12  Hellion  
  173  18:20  Hellion, SCV  
  173  18:21  Terran Vehicle And Ship Armor Level 2  
  173  18:22  SCV  
  172  18:33  Supply Depot  
  166  18:34  Thor  
  166  18:35  Supply Depot  
  166  18:36  Supply Depot x2  
  166  18:37  Viking  
  163  18:51  Supply Depot  
  163  18:57  Thor, Viking  
  171  19:11  Hellion  
  171  19:12  Thor  
  171  19:13  Hellion  
  179  19:17  Orbital Command  
  179  19:18  Supply Depot  
  176  19:25  Thor  
  176  19:27  Thor  
  176  19:30  Viking x2  
  149  19:50  Armory  
  127  20:00  Viking x2  
  127  20:05  Command Center  
  131  20:14  Hellion x3  
  137  20:15  SCV  
  138  20:22  Hellion  
  138  20:23  Hellion  
  142  20:29  SCV x2  
  142  20:30  SCV  
  145  20:41  SCV  
Show
View Real Time Build Order
Export as new Build Order

nerfedFoxeR Zerg - Winner!

Build Orders: Hatch First, Swarm Host 

Get SALT Encoding   

  8  0:00  Drone  
  9  0:11  Drone  
  10  0:16  Drone  
  11  0:25  Drone  
  12  0:40  Overlord  
  12  0:46  Extractor x2, Drone  
  12  0:48  Drone  
  14  1:12  Hatchery  
  14  1:17  Drone  
  14  1:22  Drone  
  16  1:25  Drone  
  16  1:29  Drone  
  17  1:37  Drone  
  18  1:47  Spawning Pool  
  18  1:51  Extractor  
  18  1:52  Drone  
  17  1:57  Drone  
  18  2:07  Drone  
  19  2:17  Drone  
  20  2:24  Overlord  
  20  2:35  Queen  
  20  2:36  Queen  
  24  2:41  Overlord  
  24  2:43  Zergling x2  
  25  2:45  Zergling x2  
  26  2:52  Drone x2  
  26  2:56  Extractor  
  27  2:59  Spore Crawler  
  28  3:05  Metabolic Boost  
  28  3:07  Drone x2  
  28  3:12  Drone x2  
  32  3:18  Queen  
  34  3:25  Drone x2  
  34  3:26  Drone  
  37  3:31  Overlord  
  37  3:44  Hatchery  
  37  3:48  Drone x2  
  38  3:56  Drone x5  
  38  3:57  Drone  
  42  4:03  Drone x2  
  42  4:09  Queen  
  46  4:13  Overlord  
  46  4:15  Overlord  
  46  4:22  Roach Warren  
  45  4:24  Extractor  
  44  4:35  Drone x7  
  51  4:38  Queen  
  51  4:40  Extractor  
  51  4:42  Overlord  
  52  4:51  Lair  
  52  4:56  Queen  
  52  4:59  Drone x3  
  57  5:00  Drone  
  57  5:01  Drone  
  59  5:08  Overlord x2  
  59  5:15  Evolution Chamber x2  
  59  5:18  Drone  
  59  5:19  Drone x3  
  61  5:29  Zergling x2  
  61  5:30  Zergling x4  
  57  5:45  Drone  
  57  5:46  Drone x7  
  59  5:55  Roach  
  59  5:57  Zergling x6  
  61  6:06  Drone x4  
  65  6:13  Overlord  
  65  6:14  Overlord x3  
  65  6:15  Zerg Missile Weapons Level 1  
  65  6:17  Zerg Ground Armor Level 1  
  65  6:25  Glial Reconstitution  
  63  6:28  Overlord x2  
  63  6:31  Spore Crawler  
  62  6:39  Roach x5  
  72  6:41  Roach  
  74  6:59  Hatchery  
  70  7:03  Drone x8  
  77  7:09  Drone  
  77  7:11  Drone x3  
  77  7:13  Drone x2  
  77  7:14  Drone  
  85  7:15  Drone  
  85  7:28  Roach x6  
  96  7:33  Overseer x2  
  92  7:39  Burrow  
  92  7:42  Spore Crawler  
  90  7:48  Roach x2  
  87  8:05  Drone x14  
  98  8:17  Drone x7  
  101  8:23  Drone x2  
  99  8:44  Drone x11  
  108  8:49  Overlord  
  108  8:53  Spire  
  108  8:54  Hydralisk Den  
  102  8:58  Extractor  
  93  9:05  Spore Crawler x2  
  93  9:06  Spore Crawler  
  93  9:07  Drone x7  
  93  9:08  Drone, Spore Crawler  
  93  9:09  Drone  
  94  9:10  Drone  
  94  9:15  Spore Crawler  
  94  9:17  Queen, Spore Crawler  
  92  9:19  Zerg Ground Armor Level 2  
  93  9:35  Roach x10  
  93  9:36  Roach  
  115  9:41  Extractor x2  
  115  9:44  Drone x4  
  118  9:45  Drone  
  118  9:48  Overlord x2  
  118  9:50  Overlord, Hatchery  
  117  9:54  Roach  
  117  9:59  Extractor x2  
  117  10:02  Drone x3  
  110  10:15  Mutalisk x4  
  110  10:17  Mutalisk  
  120  10:24  Drone x3  
  120  10:25  Queen  
  125  10:29  Mutalisk x2  
  125  10:32  Extractor  
  125  10:33  Extractor  
  119  10:44  Mutalisk  
  119  10:45  Mutalisk  
  121  11:06  Mutalisk  
  121  11:07  Mutalisk x2  
  121  11:11  Drone x2  
  121  11:12  Drone x3  
  126  11:23  Spore Crawler, Hatchery  
  126  11:24  Hatchery  
  123  11:25  Spore Crawler  
  123  11:26  Drone x12  
  123  11:28  Spore Crawler  
  123  11:32  Drone  
  134  11:34  Hatchery  
  133  11:43  Drone x2  
  133  11:44  Drone x2  
  133  11:47  Zerg Missile Weapons Level 2  
  137  11:48  Zerg Melee Weapons Level 1, Grooved Spines  
  137  11:52  Overlord x5  
  137  11:53  Overlord x3, Infestation Pit  
  136  12:01  Overlord x2  
  122  12:26  Overlord  
  122  12:31  Swarm Host x12  
  122  12:32  Hatchery  
  122  12:33  Swarm Host  
  169  12:38  Muscular Augments  
  169  12:42  Drone x11  
  169  12:43  Drone  
  181  13:01  Hive  
  181  13:08  Extractor, Overlord x2  
  181  13:09  Extractor  
  181  13:11  Roach x7  
  181  13:12  Roach x3  
  199  13:38  Drone  
  199  13:39  Overlord x3  
  188  14:05  Overlord  
  179  14:31  Overseer x2  
  179  14:32  Greater Spire  
  145  14:52  Mutalisk x28  
  132  14:53  Mutalisk  
  170  15:02  Mutalisk x2  
  168  15:08  Queen x2  
  172  15:20  Drone x16  
  172  15:21  Drone  
  163  15:40  Drone  
  163  15:41  Drone x2  
  163  15:42  Drone x2  
  168  15:44  Corruptor x7  
  168  15:45  Corruptor x2  
  168  15:46  Corruptor  
  168  15:47  Zerg Flyer Weapons Level 1  
  156  16:14  Corruptor x3  
  157  16:33  Spore Crawler  
  156  16:41  Corruptor x5  
  156  16:42  Corruptor x3  
  172  16:48  Spire  
  171  17:01  Brood Lord x5  
  171  17:04  Hatchery  
  171  17:06  Extractor  
  179  17:10  Extractor  
  179  17:15  Hatchery  
  173  17:24  Brood Lord x4  
  181  17:32  Overlord  
  181  17:40  Drone x3  
  181  17:41  Extractor  
  181  17:42  Extractor  
  182  17:50  Brood Lord x5  
  182  18:06  Brood Lord x2  
  178  18:18  Infestor x3  
  168  18:42  Extractor  
  168  18:46  Extractor  
  148  19:08  Zergling x52  
  148  19:09  Zergling x62  
  200  19:15  Drone  
  196  19:17  Drone x3  
  196  19:22  Roach Warren  
  196  19:23  Drone x2  
  199  19:25  Drone  
  199  19:26  Hydralisk Den  
  165  19:53  Corruptor x18  
  165  19:55  Drone x6  
  186  20:03  Zergling x24  
  191  20:23  Overseer x4  
  191  20:36  Drone x3  
  191  20:37  Hatchery  
Tags
 
Add a new tag
Caveats
  • Supply blocks, unpowered buildings, or Contaminate may cause inaccurate times.
  • Supply counts are checked every 10 seconds.